 Dungeon Crawl Stone Soup version 0.27.0-1-g7a089689b8 (webtiles) character file.

Game seed: 9126522116237222806

18 gimp the Skirmisher (level 2, -3/25 HPs)
             Began as a Barachi Chaos Knight on Aug 3, 2021.
             Was a Plaything of Xom.
             Slain by a hog (shapeshifter) (7 damage)
             ... on level 2 of the Dungeon.
             The game lasted 00:01:05 (590 turns).

gimp the Skirmisher (Barachi Chaos Knight)           Turns: 590, Time: 00:01:06

Health: -3/25      AC:  6    Str: 13    XL:     2   Next: 66%
Magic:  2/2        EV: 11    Int: 12    God:    Xom [..*...]
Gold:   26         SH:  5    Dex: 11    Spells: 1/1 levels left

rFire    . . .     SeeInvis .   a - +0 hand axe (chaos)
rCold    . . .     Faith    .   (no shield)
rNeg     . . .     Spirit   .   b - +2 leather armour
rPois    .         Reflect  +   (no helmet)
rElec    .         Harm     .   (no cloak)
rCorr    .         Rampage  .   (no gloves)
Will     .....                  e - +0 pair of boots
Stlth    +.........             c - amulet of reflection
HPRegen  0.08/turn              (no ring)
MPRegen  0.08/turn              (no ring)

@: unable to hop, flying, slow
A: amphibious, slowness 1, strong legs 1, +LOS
a: Hop, Renounce Religion


You were on level 2 of the Dungeon.
You worshipped Xom.
You were a toy of Xom.
You visited 1 branch of the dungeon, and saw 2 of its levels.

You collected 26 gold pieces.

Inventory:

Hand Weapons
 a - a +0 hand axe of chaos (weapon)
Armour
 b - a +2 leather armour (worn)
 e - a +0 pair of boots (worn)
Jewellery
 c - an amulet of reflection (around neck)
Scrolls
 d - a scroll of identify {unknown}
Potions
 g - a potion of curing {unknown}


   Skills:
 + Level 4.0 Fighting
 * Level 4.0 Axes
 - Level 2.4 Armour
 - Level 1.1 Dodging


You had one spell level left.
You didn't know any spells.
Your spell library contained the following spells:

 Spells                   Type           Power      Damage    Failure   Level
 Summon Small Mammal      Summ           0%         N/A       38%         1
 Call Canine Familiar     Summ           0%         N/A       77%         3
 Summon Guardian Golem    Hex/Summ       0%         N/A       77%         3


Dungeon Overview and Level Annotations

Branches:
Dungeon (2/15)

Altars:

Shops:
D:1 :


Innate Abilities, Weirdness & Mutations

You are amphibious.
You cover ground slowly.
You can hop short distances.
You have an extended range of vision and can be seen from far away.


Message History

Things that are here:
a +0 club; a goblin corpse; Health restored: 25 A ball python comes into view.
The ball python hisses angrily.
A ball python is nearby!
A ball python is nearby!
A ball python is nearby!
You closely miss the ball python. The ball python barely misses you.
The ball python grabs you. The ball python constricts you.
You hit the ball python but do no damage.
The shapeshifter loses its grip on you.
The ball python changes into a shapeshifter!
Xom thinks this is hilarious!
The shapeshifter changes into a hog!
You barely miss the hog. The hog bites you.
You take 6 damage, and have 19/25 hp.
MASSIVE DAMAGE!!
You closely miss the hog. The hog bites you! The hog bites you.
* * * LOW HITPOINT WARNING * * *
You take 12 damage, and have 7/25 hp.
MASSIVE DAMAGE!!
You are too injured to fight recklessly!
You are too injured to fight recklessly!
Okay, then.
Hop to where?
Press: ? - help, Dir - move target Boing!
Xom guffaws.
There is a stone staircase leading down here.
The hog barely misses you. The hog bites you.
* * * LOW HITPOINT WARNING * * *
Your rat bites the hog.
You climb downwards.
A worm and a hobgoblin come into view.
The hobgoblin shouts!
There is a stone staircase leading up here.
You take 3 damage, and have 4/25 hp.
It was a potion of flight.
You feel very buoyant.
You fly up into the air.
The hog bites you!
You die...
Xom roars with laughter!

.. #. # #. #
#... #.##.#.
w.... ...
#.#.####
#...@..#
###gh........
#.##.#.....
.. .# ....
##. # .. #. .
#. ##


You could see a hog shaped shifter, a worm and a hobgoblin.

Vanquished Creatures
  3 bats (D:1)
  3 goblins (D:1)
  3 kobolds (D:1)
  A quokka (D:1)
  2 ball pythons (D:1)
  5 frilled lizards (D:1)
17 creatures vanquished.

Notes
Turn   | Place    | Note
-------+----------+-------------------------------------------
     0 | D:1      | gimp the Barachi Chaos Knight began the quest for the Orb.
     0 | D:1      | Reached XP level 1. HP: 18/18 MP: 1/1
   126 | D:1      | Found a faded altar of an unknown god.
   135 | D:1      | XOM: potion effect (haste)
   204 | D:1      | XOM: silly message
   208 | D:1      | Reached XP level 2. HP: 22/25 MP: 2/2
   248 | D:1      | XOM: silly message
   297 | D:1      | XOM: divination: detect creatures
   321 | D:1      | Found Afeconoaca's Book Emporium.
   341 | D:1      | XOM: divination: magic mapping
   433 | D:1      | XOM: smoke on damage
   578 | D:1      | Noticed a shapeshifter
   578 | D:1      | a ball python changed into a shapeshifter
   578 | D:1      | Noticed a hog
   578 | D:1      | a shapeshifter changed into a hog
   586 | D:1      | XOM: cast spell 'Summon Small Mammal'
   590 | D:2      | Slain by a hog (shapeshifter)

Illustrated notes

Levels and vault maps discovered:
D:1:      minmay_arrival_pointy, layout_basic, basic_ecumenical_altar,
          serial_shops, shop, minmay_misc_feat_tower, minmay_fountain_box,
          chequers_serial_rivers_small_3, minmay_lizard_pond
D:2:      layout_loops_cross, uniq_robin, uniq_natasha

Skill      XL: |  1  2 |
---------------+-------+-----
Fighting       | 4 |  4.0
Axes           | 4 |  4.0
Armour         | |  2.4
Dodging        | |  1.1

Action                   || total
-------------------------++-------
Melee: Hand axe          ||    53
 Abil: Hop               ||     1
  Use: Potion            ||     1
Armor: Leather armour    ||    18
Dodge: Dodged            ||    24
Block: Other             ||     6
